 Dungeon Crawl Stone Soup version 0.30-a0-723-gc1506a1cf0 (webtiles) character file.

Game seed: 11393766310042559572

116495 timneilson the Protected (level 16, -2/99 HPs)
             Began as a Gargoyle Fighter on Jan 29, 2023.
             Was a High Priest of Okawaru.
             Slain by an anaconda (4 damage)
             ... led by a naga ritualist
             ... on level 1 of the Snake Pit.
             The game lasted 01:02:36 (19863 turns).

timneilson the Protected (Gargoyle Fighter)        Turns: 19863, Time: 01:02:37

Health: -2/99      AC: 35    Str: 34    XL:     16   Next: 71%
Magic:  23/23      EV: 10    Int: 12    God:    Okawaru [*****.]
Gold:   2514       SH: 16    Dex: 21    Spells: 15/15 levels left

rFire   + . .      SeeInvis .    i - +10 falchion "Ymehoc" {holy, Dex+3}
rCold   + + .      Faith    .    Q - +7 buckler of the Scribe {rC+ Dex+3}
rNeg    + . .      Spirit   .    a - +1 plate armour of the Morning Star {rElec Dex+3}
rPois   ∞          Reflect  .    b - +1 hat of the Dropbear {rF+ Regen+}
rElec   +          Harm     .    (no cloak)
rCorr   +          Rampage  .    P - +1 pair of gloves {Dex+3}
Will    +....                    H - +0 pair of boots "Ygrom" {Regen+ Str+4 Int+3} Stlth
                                 O - amulet of regeneration
HPRegen 2.76/turn                v - ring "Howk" {rC+ rCorr Str+2}
MPRegen 0.18/turn                c - +4 ring of slaying

@: flying, constricted
A: sickness immunity, AC +12, big wings, negative energy resistance 1,
electricity resistance, torment resistance 1, petrification resistance
a: Renounce Religion, Heroism, Finesse, Duel


You were on level 1 of the Snake Pit.
You worshipped Okawaru.
Okawaru was extremely pleased with you.
You visited 5 branches of the dungeon, and saw 24 of its levels.
You also visited: Ossuary, Bailey and Gauntlet.

You collected 3061 gold pieces.
You spent 547 gold pieces at shops.

Inventory:

Hand Weapons
 g - the +3 demon blade of the Stoat {venom, rElec}
   (Okawaru gifted it to you on level 10 of the Dungeon)

   rElec:     It insulates you from electricity.
 i - the +10 falchion "Ymehoc" (weapon) {holy, Dex+3}
   (Okawaru gifted it to you on level 12 of the Dungeon)

   Dex:       It affects your dexterity (+3).
 C - a +2 scimitar of flaming
 R - a +2 double sword of holy wrath
Armour
 a - the +1 plate armour of the Morning Star (worn) {rElec Dex+3}
   (Okawaru gifted it to you on level 13 of the Dungeon)

   Dex:       It affects your dexterity (+3).
   rElec:     It insulates you from electricity.
 b - the +1 hat of the Dropbear (worn) {rF+ Regen+}
   (You found it on level 3 of the Dungeon)

   rF:        It protects you from fire.
   Regen:     It increases your rate of health regeneration.
 H - the +0 pair of boots "Ygrom" (worn) {Regen+ Str+4 Int+3}
   (You acquired it in a bailey)

   Str:       It affects your strength (+4).
   Int:       It affects your intelligence (+3).
   Regen:     It increases your rate of health regeneration.
 P - a +1 pair of gloves of dexterity (worn)
 Q - the +7 buckler of the Scribe (worn) {rC+ Dex+3}
   (Okawaru gifted it to you in a Gauntlet)

   Dex:       It affects your dexterity (+3).
   rC:        It protects you from cold.
Jewellery
 c - a +4 ring of slaying (right hand)
 p - the ring of Xom's Flight of Fancy {Fire rElec rN+}
   (You found it in a Gauntlet)

   [ring of fire]

   It enhances your fire magic.
   rF:        It protects you from fire.
   rC:        It makes you vulnerable to cold.
   rElec:     It insulates you from electricity.
   rN:        It protects you from negative energy.
 q - the macabre finger necklace {Finger+ rN+}
   (You took it off a centaur warrior on level 15 of the Dungeon)

   [amulet of nothing]

   Finger+:   It enables you to equip an extra ring.
   rN:        It protects you from negative energy.
 v - the ring "Howk" (left hand) {rC+ rCorr Str+2}
   (You acquired it on level 5 of the Dungeon)

   [ring of protection from cold]

   Str:       It affects your strength (+2).
   rC:        It protects you from cold.
   rCorr:     It protects you from acid and corrosion.
 B - a ring of ice
 N - a ring of willpower
 O - an amulet of regeneration (around neck)
Wands
 f - a wand of paralysis (31)
 u - a wand of iceblast (17)
 L - a wand of flame (13)
 M - a wand of mindburst (15)
Scrolls
 j - 3 scrolls of poison
 k - a scroll of enchant weapon
 m - 7 scrolls of fear
 o - 9 scrolls of enchant armour
 t - 3 scrolls of amnesia
 y - 3 scrolls of magic mapping
 A - 9 scrolls of teleportation
 F - 4 scrolls of fog
 J - 3 scrolls of blinking
 K - 3 scrolls of silence
Potions
 d - 5 potions of might
 e - 19 potions of curing
 h - 4 potions of resistance
 l - 6 potions of lignification
 n - 5 potions of haste
 r - 2 potions of mutation
 s - 2 potions of flight
 w - 3 potions of brilliance
 x - 4 potions of attraction
 z - a potion of magic
 D - 2 potions of heal wounds
 E - 5 potions of berserk rage
 G - 4 potions of invisibility
 I - a potion of cancellation
 U - a potion of ambrosia
Miscellaneous
 T - a condenser vane


   Skills:
 + Level 10.9 Fighting
 * Level 12.5 Long Blades
 * Level 14.8 Armour
 + Level 7.9 Dodging
 * Level 14.8 Shields
 + Level 9.9 Invocations
 + Level 8.4 Evocations


You had 15 spell levels left.
You didn't know any spells.
Your spell library contained the following spells:

 Spells                   Type           Power      Damage    Failure   Level
 Apportation              Tloc           0%         N/A       86%         1
 Sandblast                Erth           0%         2d4       86%         1
 Shock                    Conj/Air       0%         1d3       86%         1
 Sting                    Tmut/Pois      0%         1d3       86%         1
 Blink                    Tloc           0%         N/A       95%         2
 Ensorcelled Hibernation  Hex/Ice        0%         N/A       95%         2
 Lesser Beckoning         Tloc           0%         N/A       95%         2
 Momentum Strike          Conj/Tloc      0%         3d8       95%         2
 Passwall                 Tmut/Erth      0%         N/A       95%         2
 Poisonous Vapours        Pois/Air       0%         N/A       95%         2
 Spider Form              Tmut/Pois      0%         N/A       99%         3
 Stone Arrow              Conj/Erth      0%         3d7       99%         3
 Swiftness                Air            0%         N/A       99%         3
 Airstrike                Air            0%         2d(0-16)  100%        4
 Anguish                  Hex/Necr       0%         N/A       100%        4
 Olgreb's Toxic Radiance  Pois           0%         N/A       100%        4
 Alistair's Intoxication  Tmut/Pois      0%         N/A       100%        5
 Borgnjor's Vile Clutch   Necr/Erth      0%         N/A       100%        5
 Animate Dead             Necr           Unusable   N/A       N/A         4
 Death Channel            Necr           Unusable   N/A       N/A         6

Dungeon Overview and Level Annotations

Branches:
Dungeon (15/15)            Temple (1/1) D:7            Lair (5/5) D:10
 Shoals (0/4) Lair:3        Snake (1/4) Lair:3        Slime (0/5) Lair:5
    Orc (2/2) D:11         Vaults (0/5) D:14         Depths (0/4) D:15
Ossuary (visited)          Bailey (visited)         Gauntlet (visited)
    Elf: Orc:2

Altars:
Ashenzari
Cheibriados
Dithmenos
Elyvilon
Fedhas
Gozag
Hepliaklqana
Kikubaaqudgha
Makhleb
Nemelex Xobeh
Okawaru
Qazlal
Ru
Sif Muna
Trog
Uskayaw
Vehumet
Wu Jian
Xom
Yredelemnul
Zin
The Shining One
Jiyva

Shops:
D:3 (   D:6 :(*(*   D:9 *   Orc:1 =   Orc:2 ?(:!   Snake:1 (=

Annotations:
D:9 2 transporters, stormannnn's ghost, journeyman DjFE


Innate Abilities, Weirdness & Mutations

You are immune to sickness and miasma.
Your stone body is resilient. (AC +12)
You are immune to poison.
Your large and strong wings let you fly.
You resist negative energy. (rN+)
You are resistant to electric shocks. (rElec)
You are resistant to unholy torment.
You are immune to petrification.


Message History

You are too injured to fight recklessly!
You are too injured to fight recklessly!
You are too injured to fight recklessly!
You barely miss the anaconda.
The anaconda is heavily wounded.
You block the black mamba's attack. You block the anaconda's attack.
The anaconda constricts you.
The black mamba bites you but does no damage.
You block the black mamba's attack.
The black mamba bites you but does no damage.
The black mamba barely misses you. The anaconda bites you!
* * * LOW HITPOINT WARNING * * *
The anaconda constricts you.
You barely miss the anaconda.
The anaconda is heavily wounded.
The black mamba barely misses you. You block the black mamba's attack. x2
The black mamba barely misses you.
The anaconda bites you but does no damage.
The anaconda constricts you. The black mamba barely misses you.
You slash the anaconda!
The anaconda is severely wounded.
You block the black mamba's attack. x2; The black mamba bites you!
* * * LOW HITPOINT WARNING * * *
The anaconda barely misses you. The anaconda constricts you.
The black mamba bites you.
* * * LOW HITPOINT WARNING * * *
You feel much better.
The black mamba bites you but does no damage.
You block the black mamba's attack. x2; The anaconda bites you!
* * * LOW HITPOINT WARNING * * *
The anaconda constricts you.
* * * LOW HITPOINT WARNING * * *
You block the black mamba's attack.
The black mamba bites you but does no damage.
The black mamba bites you!
* * * LOW HITPOINT WARNING * * *
The black mamba bites you!
* * * LOW HITPOINT WARNING * * *
The anaconda bites you.
You die...

#.........)....##.
..###........)##....∩
.##.......8.8.8.##.....
.[......#.⌠.⌠.....##.[
#......#8.∩.8######..
#........⌠.⌠.# #.....
..##......#8.8.8# #.....
.>......S......####.....
......)@S...............
......SSS..#.......#....
.....^..................
####......##.....##..###
#......##.........
##N##.........#. ...
........... ...S?..###
#.#


You could see an anaconda, a naga ritualist and 4 black mambas.

Vanquished Creatures
  Jorgrun (D:13)
  Gastronok (D:8)
  Kirke (Lair:3)
  An orc warlord (Bailey)
  A minotaur (Gauntlet)
  A dire elephant (Lair:5)
  An ettin (D:15)
  A green death (Gauntlet)
  4 vault guards (D:14)
  The ghost of Liwostraq the Nimble, a journeyman MeFi of Okawaru (Lair:3)
  4 hydras
  An ogre mage (D:15)
  Erolcha (Orc:2)
  6 centaur warriors
  3 catoblepae
  A deep troll shaman (Lair:5)
  3 death yaks (Lair:5)
  8 boulder beetles
  4 two-headed ogres
  2 tengu warriors
  Lodul (D:13)
  3 deep trolls (D:15)
  A fire crab (Gauntlet)
  A wizard (D:15)
  2 lindwurms (D:12)
  Pikel (D:8)
  3 orc knights
  A necromancer (D:15)
  10 orc sorcerers
  A deep elf pyromancer (D:14)
  7 ugly things
  A salamander (Lair:3)
  5 manticores
  7 cyclopes
  8 black mambas
  2 orange demons (Gauntlet)
  2 naga magi (Snake:1)
  Joseph (D:9)
  18 elephants (Lair:5)
  A gargoyle (D:10)
  10 cane toads
  A kobold demonologist (D:11)
  An unseen horror (D:13)
  5 komodo dragons
  A freezing wraith (D:14)
  3 rime drakes (Lair:5)
  An efreet (D:14)
  2 tengu conjurers (Gauntlet)
  4 meliai
  A polar bear (Lair:5)
  8 trolls
  7 blink frogs
  A tarantella (D:12)
  2 jumping spiders (D:12)
  19 slime creatures
  3 shadows
  3 wraiths
  A centaur simulacrum (D:15)
  A hog (shapeshifter) (D:14)
  A culicivora (shapeshifter) (D:13)
  A vampire (D:10)
  3 humans (Lair:3)
  46 yaks
  5 wyverns
  3 fire bats (Gauntlet)
  Grum (D:9)
  3 hogs (Lair:3)
  8 basilisks
  3 redbacks (D:12)
  A steam dragon (D:8)
  4 vampire mosquitoes (D:14)
  A naga (Snake:1)
  3 acid dragons
  3 wargs
  11 water moccasins
  A black bear (shapeshifter) (D:13)
  2 sky beasts (D:8)
  3 ice beasts
  6 black bears
  41 orc warriors
  17 ogres
  27 wolves
  12 centaurs
  2 lemures (D:8)
  3 phantoms
  A kobold brigand (D:10)
  3 bullfrogs
  2 gnoll sergeants
  2 necrophages (D:6)
  4 scorpions
  3 wights (D:7)
  3 killer bees (D:8)
  4 howler monkeys
  An electric eel (D:10)
  6 lava snakes
  3 centaur zombies (Ossuary)
  4 hounds
  13 orc priests
  A jelly (D:5)
  4 human zombies (Ossuary)
  An iguana (D:10)
  37 orc wizards
  7 hell rats (Lair:5)
  4 mummies
  21 gnolls
  6 adders
  3 white imps
  An ufetubus (D:6)
  4 worms
  5 dart slugs
  74 orcs
  7 bats
  9 endoplasms
  2 giant cockroaches
  A gnoll zombie (Ossuary)
  18 goblins
  11 hobgoblins
  6 jackals
  4 quokkas
  12 ball pythons
  4 frilled lizards
  10 kobolds
  3 rats
711 creatures vanquished.

Vanquished Creatures (others)
  An orc wizard (Orc:2)
  An orc (D:8)
  A bush (Lair:5)
  14 fungi
  34 plants
51 creatures vanquished.

Grand Total: 762 creatures vanquished

Notes
Turn   | Place    | Note
-------+----------+-------------------------------------------
     0 | D:1      | timneilson the Gargoyle Fighter began the quest for the
                  | Orb.
     0 | D:1      | Reached XP level 1. HP: 14/14 MP: 1/1
   271 | D:1      | Reached XP level 2. HP: 19/19 MP: 2/2
   558 | D:1      | Reached XP level 3. HP: 23/23 MP: 3/3
   839 | D:2      | Found Paisch's Antique Weapon Boutique.
   841 | D:2      | Identified the +0 hand axe "Amorun" {flame, rElec rPois rF-
                  | Will+++}
  1372 | D:2      | Reached XP level 4. HP: 27/28 MP: 4/4
  1790 | D:3      | Identified the +1 hat of the Dropbear {rF+ Regen+}
  2004 | D:3      | Found Lexkur's Antique Weapon Shoppe.
  2014 | D:3      | Bought a glowing scimitar for 105 gold pieces
  2596 | D:4      | Reached XP level 5. HP: 32/32 MP: 5/5
  2606 | D:4      | Reached skill level 1 in Dodging
  2711 | D:4      | Noticed an ice beast
  2719 | D:4      | Killed an ice beast
  2720 | D:4      | Reached XP level 6. HP: 22/38 MP: 6/6
  2779 | D:4      | Reached skill level 5 in Shields
  2789 | D:4      | Reached skill level 5 in Armour
  2789 | D:4      | Reached XP level 7. HP: 36/43 MP: 7/7
  2792 | D:4      | Reached skill level 1 in Evocations
  3118 | D:5      | Entered Level 5 of the Dungeon
  3208 | D:5      | Found a sparkling altar of Nemelex Xobeh.
  3210 | D:5      | Found an iron altar of Okawaru.
  3323 | D:5      | Became a worshipper of Warmaster Okawaru
  3489 | D:5      | Reached XP level 8. HP: 48/48 MP: 8/8
  3560 | D:5      | Reached skill level 1 in Invocations
  3823 | D:5      | Identified a scroll of acquirement
  3823 | D:5      | Acquired the ring "Howk" {rC+ rCorr Str+2}
  3860 | D:6      | Found Byagigh's Assorted Antiques.
  3862 | D:6      | Found Otsouk's Weapon Shop.
  3914 | D:6      | Reached * piety under Okawaru
  4013 | D:6      | Reached skill level 5 in Fighting
  4042 | D:6      | Found a bloodstained altar of Trog.
  4065 | D:6      | Reached skill level 5 in Long Blades
  4103 | D:6      | Found Igyxyese's Book Boutique.
  4140 | D:6      | Reached XP level 9. HP: 54/54 MP: 10/10
  4207 | D:6      | Found Aze Xiysu's Antique Weapon Shoppe.
  4242 | D:6      | Found Qoyrche's Assorted Antiques.
  4420 | D:7      | Found a staircase to the Ecumenical Temple.
  4474 | D:7      | Reached ** piety under Okawaru
  4511 | D:7      | Found a flagged portal.
  4534 | Bailey   | Entered a bailey
  4766 | Bailey   | Reached XP level 10. HP: 50/60 MP: 10/12
  4812 | Bailey   | Noticed an orc warlord
  4836 | Bailey   | Killed an orc warlord
  4836 | Bailey   | Reached *** piety under Okawaru
  4883 | Bailey   | Acquired the +0 pair of boots "Ygrom" {Regen+ Str+4 Int+3}
  5260 | Temple   | Entered the Ecumenical Temple
  5668 | D:8      | Noticed Pikel
  5711 | D:8      | Killed Pikel
  5778 | D:8      | Noticed Gastronok
  5796 | D:8      | Killed Gastronok
  5796 | D:8      | Reached **** piety under Okawaru
  5797 | D:8      | Reached XP level 11. HP: 66/66 MP: 14/14
  5840 | D:8      | Found a sand-covered staircase.
  5884 | Ossuary  | Entered an ossuary
  6567 | D:9      | Found a transporter.
  6830 | D:9      | Reached ***** piety under Okawaru
  6833 | D:9      | Found Rod Halo's General Store.
  6840 | D:9      | Noticed stormannnn's ghost (journeyman DjFE)
  6868 | D:9      | Reached skill level 5 in Invocations
  6948 | D:9      | Noticed Grum
  6971 | D:9      | Killed Grum
  6993 | D:9      | Noticed a two-headed ogre
  7000 | D:9      | Killed a two-headed ogre
  7083 | D:9      | Noticed Joseph
  7096 | D:9      | Killed Joseph
  7227 | D:9      | Found a transporter.
  7272 | D:10     | Entered Level 10 of the Dungeon
  7413 | D:10     | Identified the +3 demon blade of the Stoat {venom, rElec}
                  | (Okawaru gifted it to you on level 10 of the Dungeon)
  7413 | D:10     | Received a gift from Okawaru
  7441 | D:10     | Found a hide-covered altar of Uskayaw.
  7441 | D:10     | Found a basalt altar of Yredelemnul.
  7539 | D:10     | Reached skill level 10 in Shields
  7597 | D:10     | Reached skill level 10 in Armour
  7711 | D:10     | Reached skill level 5 in Evocations
  7965 | D:10     | Reached XP level 12. HP: 72/72 MP: 16/16
  7985 | D:10     | Found a staircase to the Lair.
  8235 | D:11     | Noticed a two-headed ogre
  8246 | D:11     | Killed a two-headed ogre
  8246 | D:11     | Received a gift from Okawaru
  8247 | D:11     | Reached skill level 5 in Dodging
  8829 | D:11     | Found a staircase to the Orcish Mines.
  9112 | D:12     | Found a runed translucent door.
  9231 | D:12     | Identified the +10 falchion "Ymehoc" {holy, Dex+3} (Okawaru
                  | gifted it to you on level 12 of the Dungeon)
  9231 | D:12     | Received a gift from Okawaru
  9792 | Lair:1   | Entered Level 1 of the Lair of Beasts
 10849 | Lair:2   | Found a gate leading to a gauntlet.
 10853 | Lair:2   | Noticed a six-headed hydra
 10861 | Lair:2   | Killed a six-headed hydra
 10862 | Lair:2   | Reached XP level 13. HP: 74/78 MP: 18/18
 10864 | Gauntlet | Entered a Gauntlet
 10864 | Gauntlet | Found a transporter.
 10864 | Gauntlet | Found a transporter.
 10877 | Gauntlet | Found a transporter.
 10877 | Gauntlet | Found a transporter.
 10881 | Gauntlet | Found a runed translucent door.
 10883 | Gauntlet | Found a runed translucent door.
 10885 | Gauntlet | Found a transporter.
 10888 | Gauntlet | Found a transporter.
 10893 | Gauntlet | Noticed a green death
 10896 | Gauntlet | Found a transporter.
 10914 | Gauntlet | Found a transporter.
 10933 | Gauntlet | Found a transporter.
 10934 | Gauntlet | Found a transporter.
 10944 | Gauntlet | Found a transporter.
 10957 | Gauntlet | Found a transporter.
 11085 | Gauntlet | Identified the ring of Xom's Flight of Fancy {Fire rElec
                  | rN+}
 11155 | Gauntlet | Killed a green death
 11155 | Gauntlet | Reached ****** piety under Okawaru
 11205 | Gauntlet | Noticed a minotaur
 11220 | Gauntlet | Killed a minotaur
 11220 | Gauntlet | Identified the +7 buckler of the Scribe {rC+ Dex+3}
                  | (Okawaru gifted it to you in a Gauntlet)
 11220 | Gauntlet | Received a gift from Okawaru
 11881 | Lair:2   | Reached skill level 10 in Long Blades
 11881 | Lair:2   | Gained mutation: Your large and strong wings let you fly.
                  | [Gargoyle growth]
 11881 | Lair:2   | Reached XP level 14. HP: 86/86 MP: 19/19
 12009 | Lair:3   | Noticed Liwostraq's ghost (journeyman MeFi)
 12074 | Lair:3   | Found a staircase to the Shoals.
 12342 | Lair:3   | Found a transporter.
 12346 | Lair:3   | Found a transporter.
 12537 | Lair:3   | Found a staircase to the Snake Pit.
 12791 | Lair:3   | Killed Liwostraq's ghost
 13512 | Lair:5   | Entered Level 5 of the Lair of Beasts
 13530 | Lair:5   | Received a gift from Okawaru
 13669 | Lair:5   | Found a viscous altar of Jiyva.
 13669 | Lair:5   | Found a staircase to the Slime Pits.
 13731 | Lair:5   | Reached XP level 15. HP: 77/91 MP: 21/21
 14400 | Lair:5   | Identified the +0 hat of Syr Mima {Contam Regen+ Int+8
                  | Stlth-} (Okawaru gifted it to you on level 5 of the Lair of
                  | Beasts)
 14400 | Lair:5   | Received a gift from Okawaru
 15097 | D:12     | Found a runed translucent gate.
 15101 | D:12     | Reached skill level 10 in Fighting
 15101 | D:12     | Found a runed translucent gate.
 15104 | D:12     | Found a runed translucent gate.
 15104 | D:12     | Found a runed translucent gate.
 15104 | D:12     | Found a runed translucent gate.
 15104 | D:12     | Identified the +5 whip of the Chain {heavy, Will++}
 15109 | D:12     | Found a runed translucent gate.
 15256 | D:12     | Identified the ring of Garis {rElec rC+ Stlth+}
 15342 | Orc:1    | Entered Level 1 of the Orcish Mines
 15403 | D:11     | Paralysed by an orc sorcerer for 2 turns
 15616 | Orc:1    | Found Aluomiev's Jewellery Emporium.
 16222 | Orc:2    | Entered Level 2 of the Orcish Mines
 16829 | Orc:2    | Found Mewoary's Book Shop.
 16833 | Orc:2    | Paralysed by an orc sorcerer for 5 turns
 16877 | Orc:2    | Found Jimalotz's Distillery.
 16901 | Orc:2    | Bought a potion of heal wounds for 65 gold pieces
 16901 | Orc:2    | Bought a potion of heal wounds for 65 gold pieces
 16901 | Orc:2    | Bought a potion of might for 52 gold pieces
 16901 | Orc:2    | Bought a potion of curing for 39 gold pieces
 16901 | Orc:2    | Bought a potion of haste for 130 gold pieces
 16914 | Orc:2    | Found an ancient bone altar of Kikubaaqudgha.
 16943 | Orc:2    | Paralysed by an orc sorcerer for 5 turns
 16967 | Orc:2    | Paralysed by an orc sorcerer for 5 turns
 16981 | Orc:2    | Noticed Erolcha
 16983 | Orc:2    | Killed Erolcha
 17033 | Orc:2    | Found Fifum's Antique Weapon Shop.
 17042 | Orc:2    | Found Caig's Magic Scroll Boutique.
 17050 | Orc:2    | Bought a scroll of fear for 52 gold pieces
 17050 | Orc:2    | Bought a scroll of teleportation for 39 gold pieces
 17090 | Orc:2    | Found a radiant altar of Vehumet.
 17385 | D:13     | Noticed Lodul
 17388 | D:13     | Identified the +1 plate armour of the Morning Star {rElec
                  | Dex+3} (Okawaru gifted it to you on level 13 of the
                  | Dungeon)
 17388 | D:13     | Received a gift from Okawaru
 17411 | D:13     | Killed Lodul
 17537 | D:13     | Reached XP level 16. HP: 66/98 MP: 22/22
 17540 | D:13     | Noticed Jorgrun
 17569 | D:13     | Killed Jorgrun
 18355 | D:14     | Found a gate to the Vaults.
 18609 | D:15     | Entered Level 15 of the Dungeon
 18767 | D:15     | Found a glowing golden altar of the Shining One.
 19099 | D:15     | Found a staircase to the Depths.
 19568 | D:15     | Acquired 255 gold pieces
 19750 | Snake:1  | Entered Level 1 of the Snake Pit
 19750 | Snake:1  | Noticed Kirke
 19789 | Lair:3   | Killed Kirke
 19811 | Snake:1  | Found Qeafueb's Jewellery Shop.
 19824 | Snake:1  | Found Ycuoh's Antique Weapon Shoppe.
 19863 | Snake:1  | HP: 2/99 [black mamba[a naga ritualist] (12)]
 19863 | Snake:1  | Slain by an anaconda

Illustrated notes

Levels and vault maps discovered:
D:1:      ncdulo_halloftheorcs, layout_loops_ring,
          hangedman_abyss_or_decor_stabs, chequers_mini_garden
D:2:      layout_loops_corners, serial_shops, nicolae_shop_hallway_plus
D:3:      layout_basic, serial_shops, shop
D:4:      layout_cave_pools, minmay_misc_feat_x
D:5:      layout_basic, mainiacjoe_overflow_catwalk_spiral
D:6:      layout_basic, trog_three_pillars_becter, serial_shops,
          nicolae_shop_competitors_out_of_business, shop, kennysheep_mini_moat,
          shop, shop, minmay_starry_boxes
D:7:      layout_rooms, minmay_temple_entry_junction, enter_bailey_4,
          chequers_serial_rivers_micro_c
D:8:      layout_basic, gup_ossuary_entry_pyramid, uniq_gastronok, uniq_pikel
D:9:      layout_basic, serial_shops, shop, gammafunk_ghost_hive, uniq_joseph,
          uniq_grum
D:10:     layout_stronghold, nicolae_overflow_two_pavilions,
          minmay_lair_entry_grove, serial_bayou_pond_a
D:11:     layout_loops_ring, david_orc_1_choice, nicolae_fountain_basement
D:12:     gammafunk_indiana_jones, layout_basic
D:13:     kennysheep_blocky_hall, layout_rooms, uniq_lodul, uniq_jorgrun
D:14:     layout_cave_pools, lightli_vaults_fourway_checkpoint,
          chequers_serial_rivers_micro_d
D:15:     hangedman_depths_entry_civil_slaughter, layout_loops_ring,
          tso_metal_star, chequers_arboretum, palyth_stone_intersect
Temple:   minmay_temple_bridge_d
Lair:1:   layout_cave_pods, minmay_stone_trees_small, beast_lair_carwin_7,
          serial_bayou_shore_b
Lair:2:   layout_loops_ring, gauntlet_entry_generic
Lair:3:   layout_chaotic_city, minmay_shoals_entry_centaurs,
          nicolae_snake_entry_warm_welcome, gammafunk_ghost_arena,
          kennysheep_basilisk_garden
Lair:4:   layout_hall_layers, chequers_serial_rivers_room_b
Lair:5:   grunt_lair_end_beastmaster, layout_cave_pods, slime_entry_1,
          chequers_serial_rivers_micro_d, grunt_megastairs_4
Snake:1:  layout_rooms, serial_shops, nicolae_shop_stone,
          nicolae_shop_temple_entry_statues_fountains, nicolae_shop_stone,
          nicolae_square_shop, nicolae_snake_mages_go_home, minmay_shoptagon,
          uniq_kirke
Orc:1:    cheibrodos_orc_arena, layout_caves, serial_shops, shop, basic_altar
Orc:2:    kennysheep_orc_mage_school, layout_caves, hangedman_feature_mirror,
          minmay_orc_keep, uniq_rupert

Skill      XL: |  1  2  3  4  5  6  7  8  9 10 11 12 13 14 15 16 |
---------------+-------------------------------------------------+-----
Long Blades    | 2 3 4 5 6 7 8 9 10 11 12 | 12.5
Shields        | 4 5 6 7 9 10 11 12 14 | 14.8
Armour         | 4 5 6 7 9 10 11 12 13 14 | 14.8
Dodging        | 1 2 3 4 5 6 7 |  7.9
Fighting       | 4 5 6 7 8 9 10 | 10.9
Evocations     | 1 2 3 4 5 6 7 8 |  8.4
Invocations    | 2 3 4 5 6 7 8 9 |  9.9

Action                     |  1- 3 |  4- 6 |  7- 9 | 10-12 | 13-15 | 16-18 || total
---------------------------+-------+-------+-------+-------+-------+-------++-------
  Melee: Long sword        |   114 |    33 |       |       |       |       ||   147
         Scimitar          |       |    81 |   266 |   326 |       |       ||   673
         Demon blade       |       |       |       |   338 |       |       ||   338
         Falchion          |       |       |       |   171 |  1484 |   490 ||  2145
 Invoke: Heroism           |       |       |     3 |     5 |    15 |     7 ||    30
         Finesse           |       |       |       |       |     1 |     2 ||     3
  Evoke: Wand              |       |       |       |     7 |    14 |     1 ||    22
         Condenser vane    |       |       |       |       |     1 |       ||     1
    Use: Scroll            |     2 |     7 |     5 |    12 |     3 |     1 ||    30
         Potion            |       |       |       |     7 |     1 |     1 ||     9
   Stab: Petrified         |       |       |       |       |     5 |       ||     5
 Armour: Scale mail        |    58 |       |       |       |       |       ||    58
         Chain mail        |    23 |    79 |   200 |     9 |       |       ||   311
         Plate armour      |       |       |       |   471 |   660 |   191 ||  1322
  Dodge: Dodged            |    50 |    53 |   217 |   645 |   641 |   201 ||  1807
  Block: Buckler           |    25 |    43 |   138 |   345 |  1028 |   365 ||  1944

Table legend: (Time is in decaauts)
 A = Elapsed time spent in this place.
 B = Non-inter-level travel time spent in this place.
 C = Inter-level travel time spent in this place.
 D = Time resting spent in this place.
 E = Time spent auto-exploring this place.
 F = Levels seen in this place.
 G = Mean time per level.
                   A        B        C        D        E       F      G
               +--------+--------+--------+--------+--------+-----+--------+
         Total |  19743 |  18465 |   1278 |     47 |  11510 |  27 |  731.2 |
       Dungeon |  12053 |  11146 |    907 |     34 |   7323 |  15 |  803.5 |
        Temple |    233 |    225 |      8 |      0 |    214 |   1 |  233.0 |
          Lair |   4621 |   4320 |    301 |     13 |   2920 |   5 |  924.2 |
     Snake Pit |     56 |     56 |      0 |      0 |      6 |   1 |   56.0 |
  Orcish Mines |   1634 |   1574 |     60 |      0 |    767 |   2 |  817.0 |
       Ossuary |    221 |    221 |      0 |      0 |     91 |   1 |  221.0 |
        Bailey |    467 |    467 |      0 |      0 |      0 |   1 |  467.0 |
      Gauntlet |    455 |    455 |      0 |      0 |    188 |   1 |  455.0 |
               +--------+--------+--------+--------+--------+-----+--------+

Top non-repeatable levels by time:
  Lair:5: 1314 daAuts
    D:12: 1115 daAuts
    D:10: 1025 daAuts
  Lair:1: 1020 daAuts
     D:2: 963 daAuts
    D:11: 956 daAuts
  Lair:3: 931 daAuts
     D:3: 905 daAuts
    D:15: 903 daAuts
     D:9: 875 daAuts
   Orc:2: 872 daAuts
     D:8: 831 daAuts
     D:1: 805 daAuts
     D:5: 781 daAuts
   Orc:1: 761 daAuts
